 Dungeon Crawl Stone Soup version 0.29.1-1-gd02db69 (webtiles) character file.

Game seed: 16585858606718229681

350 Jonnyslop the Chopper (level 6, -1/57 HPs)
             Began as a Hill Orc Fighter on Feb 1, 2023.
             Slain by Pikel
             ... wielding a +1 whip of freezing
              (4 damage)
             ... on level 4 of the Dungeon.
             The game lasted 00:04:40 (2671 turns).

Jonnyslop the Chopper (Hill Orc Fighter)            Turns: 2671, Time: 00:04:41

Health: -1/57      AC:  5    Str: 21    XL:     6   Next: 60%
Magic:  6/6        EV: 11    Int:  8    God:
Gold:   143        SH:  5    Dex: 10    Spells: 5/5 levels left

rFire   . . .      SeeInvis .   a - +1 war axe
rCold   . . .      Faith    .   c - +1 buckler
rNeg    . . .      Spirit   .   g - +0 chain mail
rPois   .          Reflect  .   (no helmet)
rElec   .          Harm     .   (no cloak)
rCorr   .          Rampage  .   (no gloves)
Will    .....                   (no boots)
Stlth   ..........              (no amulet)
HPRegen 0.19/turn               h - +4 ring of slaying
MPRegen 0.10/turn               r - +4 ring of evasion

@: corroded
A: no striking features
a: no special abilities


You were on level 4 of the Dungeon.
You visited 1 branch of the dungeon, and saw 4 of its levels.

You collected 143 gold pieces.

Inventory:

Hand Weapons
 a - a +1 war axe (weapon)
Missiles
 e - 15 poisoned darts
 f - 4 datura-tipped darts (quivered)
Armour
 c - a +1 buckler (worn)
 g - a +0 chain mail (worn)
Jewellery
 h - a +4 ring of slaying (left hand)
 n - a ring of willpower
 q - a ring of protection from cold
 r - a +4 ring of evasion (right hand)
Scrolls
 i - a scroll of teleportation
 p - a scroll of immolation
 t - a scroll of enchant armour
Potions
 b - a potion of brilliance {unknown}
 d - 3 potions of curing
 j - a potion of berserk rage {unknown}
 k - 2 potions of cancellation
 l - a potion of might
 m - 2 potions of heal wounds {unknown}
 o - a potion of magic {unknown}
 s - a potion of lignification {unknown}


   Skills:
 + Level 5.7 Fighting
 * Level 7.5 Axes
 - Level 3.2 Armour
 - Level 3.2 Shields


You had 5 spell levels left.
You didn't know any spells.
Your spell library contained the following spells:

 Spells                   Type           Power      Damage    Failure   Level
 Poisonous Vapours        Pois/Air       0%         N/A       100%        2
 Corpse Rot               Necr/Pois/Air  0%         N/A       100%        4


Dungeon Overview and Level Annotations

Branches:
Dungeon (4/15)             Temple (0/1) D:4

Altars:
Ashenzari
Hepliaklqana
Kikubaaqudgha
Makhleb
Nemelex Xobeh
Qazlal
Yredelemnul

Annotations:
D:4 Pikel


Message History

* * * LOW HITPOINT WARNING * * *
The acid corrodes you!
You are too injured to fight recklessly!
You are too injured to fight recklessly!
You are too injured to fight recklessly!
You are too injured to fight recklessly!
You are too injured to fight recklessly!
You are too injured to fight recklessly!
You are too injured to fight recklessly!
You are too injured to fight recklessly!
You are too injured to fight recklessly!
You are too injured to fight recklessly!
You are too injured to fight recklessly!
You are too injured to fight recklessly!
You are too injured to fight recklessly!
You are too injured to fight recklessly!
You are too injured to fight recklessly!
You are too injured to fight recklessly!
You are too injured to fight recklessly!
You are too injured to fight recklessly!
You are too injured to fight recklessly!
You are too injured to fight recklessly!
You are too injured to fight recklessly!
You are too injured to fight recklessly!
You are too injured to fight recklessly!
You feel better.
Pikel says, "You'll make a fine lemure."
Pikel hits you with a +1 whip of freezing.
* * * LOW HITPOINT WARNING * * *
Pikel freezes you.
* * * LOW HITPOINT WARNING * * *
You hit Pikel.
Pikel is almost dead.
Pikel zaps a wand.
The bolt of acid misses you.
You hit Pikel but do no damage.
Pikel is almost dead.
Pikel hits you with a +1 whip of freezing!
* * * LOW HITPOINT WARNING * * *
Pikel freezes you.
You die...

############.##..########.
### ####..# #. #.. ...#..#
#. #.> #.>.#..# #. #..
(...#..# ######.
#########..###......
#...##.##..#........
#............#####
#@#####.##.###
#K#####)##.# 555....<##.#
# #5g########.# ### #.o#
#.. ... ...# ### ... ...#
... ....# ..#


You could see Pikel, 4 lemures, an orc and a hobgoblin.

Vanquished Creatures
  Sigmund (D:2)
  3 iron imps (D:3)
  A hound (D:3)
  An adder (D:3)
  A dart slug (D:2)
  An orc (D:3)
  9 endoplasms
  A giant cockroach (D:2)
  6 goblins
  2 hobgoblins
  2 jackals (D:3)
  4 kobolds
  4 quokkas
  7 ball pythons
  5 bats
  5 frilled lizards
  4 rats
57 creatures vanquished.

Notes
Turn   | Place    | Note
-------+----------+-------------------------------------------
     0 | D:1      | Jonnyslop the Hill Orc Fighter began the quest for the Orb.
     0 | D:1      | Reached XP level 1. HP: 19/19 MP: 1/1
   100 | D:1      | Reached skill level 3 in Axes
   165 | D:1      | Reached XP level 2. HP: 27/27 MP: 2/2
   563 | D:1      | Found a faded altar of an unknown god.
   626 | D:1      | Reached skill level 4 in Axes
   710 | D:1      | Reached XP level 3. HP: 29/33 MP: 3/3
  1206 | D:2      | Found a basalt altar of Yredelemnul.
  1493 | D:2      | Noticed Sigmund
  1500 | D:2      | Killed Sigmund
  1501 | D:2      | Reached skill level 5 in Fighting
  1501 | D:2      | Reached skill level 6 in Axes
  1501 | D:2      | Reached XP level 4. HP: 42/42 MP: 4/4
  1501 | D:2      | Reached XP level 5. HP: 48/48 MP: 5/5
  1777 | D:3      | Found a sparkling altar of Nemelex Xobeh.
  1832 | D:3      | Found a broken altar of Ashenzari.
  1890 | D:3      | Reached XP level 6. HP: 53/56 MP: 6/6
  1957 | D:3      | Found an ancient bone altar of Kikubaaqudgha.
  2170 | D:3      | Found a burning altar of Makhleb.
  2185 | D:3      | Reached skill level 7 in Axes
  2430 | D:4      | Noticed Pikel
  2544 | D:4      | Identified the +0 robe of the Thistle {rPois}
  2586 | D:4      | Found a stormy altar of Qazlal.
  2586 | D:4      | Found a hazy altar of Hepliaklqana.
  2597 | D:4      | Found a staircase to the Ecumenical Temple.
  2671 | D:4      | Slain by Pikel

Illustrated notes

Levels and vault maps discovered:
D:1:      dpeg_arrival_round_b, layout_basic, basic_ecumenical_altar
D:2:      layout_loops_ring, basic_altar, uniq_sigmund
D:3:      layout_rooms, evilmike_ruin_ashenzari, kiku_gazebo_pond_becter,
          demons_altar, mainiacjoe_overflow_concentric_impassable
D:4:      layout_loops_ring, mainiacjoe_overflow_divided_tiny,
          minmay_temple_entry_from_below_a, serial_shops, shop, uniq_pikel

Skill      XL: |  1  2  3  4  5  6 |
---------------+-------------------+-----
Axes           | 3 4 6 7 |  7.5
Fighting       | 4 5 |  5.7
Armour         | |  3.2
Shields        | |  3.2

Action                   |  1- 3 |  4- 6 || total
-------------------------+-------+-------++-------
Melee: War axe           |    83 |    61 ||   144
Throw: Dart              |       |     1 ||     1
  Use: Scroll            |     5 |     7 ||    12
       Potion            |     1 |     1 ||     2
Armor: Scale mail        |    23 |       ||    23
       Chain mail        |     9 |    26 ||    35
Dodge: Dodged            |    38 |    20 ||    58
Block: Buckler           |    15 |    11 ||    26
